 Dungeon Crawl Stone Soup version 0.30-a0-859-gf88a04b62d (webtiles) character file.

Game seed: 14214418060578862783

1364 Juicyj the Magician (level 8, -4/46 HPs)
             Began as a Deep Elf Conjurer on Mar 6, 2023.
             Was an Initiate of Sif Muna.
             Slain by a vampire mosquito (10 damage)
             ... on level 6 of the Dungeon.
             The game lasted 00:14:56 (6529 turns).

Juicyj the Magician (Deep Elf Conjurer)             Turns: 6529, Time: 00:14:57

Health: -4/46      AC:  7    Str:  4    XL:     8   Next: 38%
Magic:  20/29      EV: 28    Int: 29    God:    Sif Muna [......]
Gold:   247        SH:  0    Dex: 13    Spells: 14/20 levels left

rFire   . . .      SeeInvis .    h - +1 spear (freeze)
rCold   + . .      Faith    .    (no shield)
rNeg    . . .      Spirit   .    q - +3 leather armour {rC+}
rPois   +          Reflect  .    x - +1 hat {Int+3}
rElec   .          Rampage  .    (no cloak)
rCorr   .                        (no gloves)
Will    .....                    (no boots)
Stlth   +++                      j - amulet of the acrobat
HPRegen 0.27/turn                g - ring of magical power
MPRegen 0.21/turn                f - ring of poison resistance

@: acrobatic
A: no striking features
a: Renounce Religion


You were on level 6 of the Dungeon.
You worshipped Sif Muna.
Sif Muna was noncommittal.
You visited 2 branches of the dungeon, and saw 7 of its levels.

You collected 247 gold pieces.

Inventory:

Hand Weapons
 h - a +1 spear of freezing (weapon)
Armour
 a - a +0 robe
 p - a +1 helmet
 q - a +3 leather armour of cold resistance (worn)
 x - a +1 hat of intelligence (worn)
Jewellery
 f - a ring of poison resistance (right hand)
 g - a ring of magical power (left hand)
 i - an amulet of faith
 j - an amulet of the acrobat (around neck)
 k - a ring of positive energy
 l - an amulet of reflection
 v - an amulet of guardian spirit
 w - a ring of protection from cold
Wands
 n - a wand of flame (40)
 u - a wand of roots (9)
Scrolls
 d - 5 scrolls of teleportation
 e - a scroll of fear
 o - a scroll of torment
Potions
 b - 2 potions of magic
 m - 2 potions of flight
 r - a potion of lignification
 s - a potion of haste
 t - a potion of degeneration
 z - 2 potions of experience {unknown}


   Skills:
 + Level 3.4 Fighting
 + Level 6.0 Dodging
 + Level 6.5 Stealth
 + Level 6.7 Spellcasting
 + Level 6.7 Conjurations


You had 14 spell levels left.
You knew the following spells:

 Your Spells              Type           Power      Damage    Failure   Level
a - Magic Dart            Conj           100%       1d8       1%          1
b - Searing Ray           Conj           96%        2d7       1%          2
c - Dazzling Flash        Conj/Hex       58%        N/A       7%          3

Your spell library contained the following spells:

 Spells                   Type           Power      Damage    Failure   Level
 Shock                    Conj/Air       100%       1d9       2%          1
 Apportation              Tloc           18%        N/A       10%         1
 Necrotise                Necr           36%        1d5       10%         1
 Summon Small Mammal      Summ           36%        N/A       10%         1
 Fulminant Prism          Conj/Hex       14%        3d9       24%         4
 Iskenderun's Mystic Bla  Conj/Tloc      29%        2d7       24%         4
 Gell's Gravitas          Tloc           9%         N/A       28%         3
 Summon Guardian Golem    Hex/Summ       9%         N/A       28%         3
 Swiftness                Air            9%         N/A       28%         3
 Teleport Other           Tloc           9%         N/A       28%         3
 Airstrike                Air            4%         2d(1-17)  67%         4
 Petrify                  Tmut/Erth      9%         N/A       67%         4
 Metabolic Englaciation   Hex/Ice        4%         N/A       95%         5
 Orb of Destruction       Conj           24%        9d9       99%         7
 Dispersal                Tloc           4%         N/A       100%        6
 Statue Form              Tmut/Erth      6%         N/A       100%        6
 Spellforged Servitor     Conj/Summ      14%        N/A       100%        7


Dungeon Overview and Level Annotations

Branches:
Dungeon (6/15)             Temple (1/1) D:4

Altars:
Dithmenos
Elyvilon
Fedhas
Gozag
Hepliaklqana
Makhleb
Nemelex Xobeh
Qazlal
Sif Muna
Trog
Uskayaw
Vehumet
Wu Jian
Xom
Zin

Shops:
D:1 :   D:4 *:


Message History

The grasping roots constrict the vampire mosquito.
The roots release their grip on the vampire mosquito.
The vampire mosquito completely misses you.
The vampire mosquito misses you.
The vampire mosquito barely misses you. x2
You feel much better.
The vampire mosquito barely misses you. x2
The vampire mosquito bites you but does no damage.
The vampire mosquito bites you!
The vampire mosquito draws strength from your injuries!
The vampire mosquito closely misses you.
Casting: Magic Dart (safe; 1% risk of failure)
Confirm with . or Enter, or press ? or * to list all spells.
You can't see any susceptible monsters within range! (Use Z to cast anyway.)
Casting: Magic Dart (safe; 1% risk of failure)
Confirm with . or Enter, or press ? or * to list all spells.
Aiming: Searing Ray (safe; 1% risk of failure)
Press: ? - help, Shift-Dir - straight line, f - vampire mosquito, p - vampire mosquito
Aim: a vampire mosquito (72% to hit)
The searing ray misses the vampire mosquito.
The searing ray hits the vampire mosquito!
The vampire mosquito is moderately damaged. (Press . to maintain the ray.)
The vampire mosquito bites you.
* * * LOW HITPOINT WARNING * * *
The vampire mosquito draws strength from your injuries!
The vampire mosquito bites you.
* * * LOW HITPOINT WARNING * * *
The vampire mosquito draws strength from your injuries!
The vampire mosquito barely misses you. x2
The searing ray hits the vampire mosquito.
The vampire mosquito is lightly damaged.
The vampire mosquito misses you.
The vampire mosquito closely misses you.
The vampire mosquito completely misses you.
The vampire mosquito misses you.
The vampire mosquito bites you but does no damage. x2
The searing ray misses the vampire mosquito.
The vampire mosquito completely misses you.
The vampire mosquito misses you. x2; The vampire mosquito barely misses you.
The vampire mosquito bites you!
You die...

#. #.# #.# ...
#.# #<# #.#
#.# ### #.#
#.# #.# #.##
#.. #..#
#.##########.#
#yy...[....#.#
#@y..........#
#..........#.#
############.#
###


You could see 3 vampire mosquitoes.

Vanquished Creatures
  Grinder (D:4)
  Sigmund (D:2)
  An ice beast (D:5)
  2 ogres
  A phantom (D:5)
  4 scorpions
  A howler monkey (D:4)
  3 hounds
  An iguana (D:5)
  A sleepcap (D:5)
  Ijyb (D:3)
  An orc wizard (D:4)
  Robin (D:3)
  7 adders
  3 gnolls (D:4)
  A shadow imp (D:5)
  An ufetubus (D:5)
  A dart slug (D:2)
  4 orcs (D:4)
  6 ball pythons
  2 endoplasms (D:1)
  4 giant cockroaches
  24 goblins
  7 hobgoblins
  5 jackals
  3 quokkas
  5 bats
  7 frilled lizards
  8 kobolds
  6 rats
113 creatures vanquished.

Vanquished Creatures (others)
  12 fungi (D:6)
12 creatures vanquished.

Grand Total: 125 creatures vanquished

Notes
Turn   | Place    | Note
-------+----------+-------------------------------------------
     0 | D:1      | Juicyj the Deep Elf Conjurer began the quest for the Orb.
     0 | D:1      | Reached XP level 1. HP: 10/10 MP: 6/6
   248 | D:1      | Reached XP level 2. HP: 15/15 MP: 6/8
   438 | D:1      | Found a faded altar of an unknown god.
   483 | D:1      | Found Qimeh's Book Emporium.
   601 | D:1      | Learned a level 2 spell: Searing Ray
  1052 | D:2      | Reached XP level 3. HP: 19/19 MP: 5/10
  1223 | D:2      | Learned a level 3 spell: Dazzling Flash
  1385 | D:2      | Reached XP level 4. HP: 24/24 MP: 0/11
  1841 | D:2      | Noticed Sigmund
  1850 | D:2      | Killed Sigmund
  1851 | D:2      | Reached skill level 1 in Fighting
  1851 | D:2      | Reached skill level 5 in Conjurations
  1851 | D:2      | Reached XP level 5. HP: 19/29 MP: 11/13
  2192 | D:3      | Noticed Ijyb
  2206 | D:3      | HP: 1/29 [Ijyb/+0 dagger (2)]
  2207 | D:3      | Killed Ijyb
  2208 | D:3      | Reached XP level 6. HP: 1/35 MP: 11/14
  2448 | D:3      | You fall into a shaft and drop 2 floors!
  2448 | D:5      | Entered Level 5 of the Dungeon
  2512 | D:5      | Noticed an ice beast
  2524 | D:5      | Killed an ice beast
  2649 | D:5      | Reached skill level 5 in Spellcasting
  2742 | D:4      | Reached skill level 5 in Stealth
  2801 | D:4      | Reached XP level 7. HP: 40/40 MP: 16/16
  2991 | D:4      | Noticed Grinder
  2994 | D:4      | Paralysed by Grinder for 2 turns
  3011 | D:4      | Paralysed by Grinder for 5 turns
  3018 | D:4      | Killed Grinder
  3019 | D:4      | Reached skill level 5 in Dodging
  3447 | D:3      | Found a radiant altar of Vehumet.
  3451 | D:3      | Noticed Robin
  3462 | D:3      | Killed Robin
  4108 | D:4      | Found Acrexem's Book Emporium.
  4154 | D:4      | Found Arhowech's General Store.
  4306 | D:4      | Found a staircase to the Ecumenical Temple.
  4608 | D:4      | Found Junukah's General Store.
  5016 | D:4      | HP: 1/40 [ogre/+0 giant spiked club (22)]
  5453 | Temple   | Entered the Ecumenical Temple
  5526 | Temple   | Became a worshipper of Sif Muna the Loreminder
  5661 | D:5      | Reached XP level 8. HP: 46/46 MP: 19/19
  6522 | D:6      | HP: 1/46 [vampire mosquito (7)]
  6529 | D:6      | Slain by a vampire mosquito

Illustrated notes

Levels and vault maps discovered:
D:1:      dpeg_arrival_radiant, layout_loops_cross, serial_shops, shop,
          shapermc_ecumenical_altar_gd, corner_web_ring
D:2:      layout_loops_ring, minmay_heptomino_d4, uniq_sigmund
D:3:      layout_loops_ring, mainiacjoe_overflow_paths, uniq_robin, uniq_ijyb
D:4:      layout_layer_cave, minmay_temple_entry_arrows, serial_shops,
          nicolae_shop_hallway_plus, shop, nicolae_shop_stone, uniq_grinder
D:5:      layout_loops_ring
D:6:      layout_basic, marbit_many_paths, serial_aquarium,
          aquarium_bridge_square [aquarium_subvault_wall,
          aquarium_subvault_balcony, aquarium_subvault_bridge,
          aquarium_subvault_bridge], aquarium_bridge_square
          [aquarium_subvault_bridge, aquarium_subvault_wall,
          aquarium_subvault_balcony, aquarium_subvault_bridge],
          aquarium_window_1, aquarium_window_corner, aquarium_view_2e,
          uniq_eustachio
Temple:   nicolae_temple_great_sept

Skill      XL: |  1  2  3  4  5  6  7  8 |
---------------+-------------------------+-----
Stealth        | 3 4 5 6 |  6.5
Dodging        | 3 4 5 6 |  6.0
Fighting       | 1 2 3 |  3.4
Spellcasting   | 4 5 6 |  6.7
Conjurations   | 5 6 |  6.7

Action                     |  1- 3 |  4- 6 |  7- 9 || total
---------------------------+-------+-------+-------++-------
  Melee: Spear             |       |     2 |     8 ||    10
   Cast: Magic Dart        |    71 |    73 |   170 ||   314
         Dazzling Flash    |       |     1 |     1 ||     2
         Searing Ray       |       |       |     6 ||     6
  Evoke: Wand              |       |       |     1 ||     1
    Use: Potion            |       |     3 |     2 ||     5
         Scroll            |       |     2 |     9 ||    11
   Stab: Sleeping          |       |       |     1 ||     1
 Armour: Robe              |     2 |     5 |       ||     7
         Leather armour    |       |       |    18 ||    18
  Dodge: Dodged            |     3 |    13 |    58 ||    74

Table legend: (Time is in decaauts)
 A = Elapsed time spent in this place.
 B = Non-inter-level travel time spent in this place.
 C = Inter-level travel time spent in this place.
 D = Time resting spent in this place.
 E = Time spent auto-exploring this place.
 F = Levels seen in this place.
 G = Mean time per level.
                   A        B        C        D        E       F      G
               +--------+--------+--------+--------+--------+-----+--------+
         Total |   6526 |   6103 |    423 |    364 |   5020 |   7 |  932.3 |
       Dungeon |   6433 |   6010 |    423 |    364 |   4964 |   6 | 1072.2 |
        Temple |     92 |     92 |      0 |      0 |     56 |   1 |   92.0 |
               +--------+--------+--------+--------+--------+-----+--------+

Top non-repeatable levels by time:
     D:4: 1976 daAuts
     D:3: 1154 daAuts
     D:5: 1142 daAuts
     D:2: 1090 daAuts
     D:1: 1013 daAuts
  Temple: 92 daAuts
     D:6: 56 daAuts
